 Dungeon Crawl Stone Soup version 0.30-b1-2-g02819fbbbe (webtiles) character file.

Game seed: 2852233084677290183

16068 LLlMATKO the Cleaver (level 12, -37/112 HPs)
             Began as a Minotaur Berserker on Nov 1, 2023.
             Was a High Priest of Trog.
             Killed from afar by a deep elf pyromancer (48 damage)
             ... with a bolt of fire
             ... in a volcano.
             The game lasted 00:09:51 (8317 turns).

LLlMATKO the Cleaver (Minotaur Berserker)           Turns: 8317, Time: 00:09:52

Health: -37/112    AC: 17    Str: 32    XL:     12   Next: 6%
Magic:  11/11      EV: 13    Int:  4    God:    Trog [*****.]
Gold:   1478       SH: 15    Dex: 11    Spells: 11/11 levels left

rFire   x . .        O - +2 war axe (elec)
rCold   + + .        j - +0 kite shield
rNeg    . . .        J - +1 ice dragon scales
rPois   .            (helmet restricted)
rElec   .            l - scarf {repulsion}
rCorr   .            G - +0 pair of gloves
SInv    .            F - +0 pair of boots
Will    ++...        d - amulet of reflection Stlth
                     I - +6 ring of strength
HPRegen 1.38/turn    (no ring)
MPRegen 0.12/turn

%: repel missiles, reflection
@: strong-willed, on berserk cooldown, regenerating, slowed, studying Axes, very
slow
A: horns 2, retaliatory headbutt
a: Renounce Religion, Berserk, Trog's Hand, Brothers in Arms


You were in a volcano.
You worshipped Trog.
Trog was extremely pleased with you.
You visited 2 branches of the dungeon, and saw 10 of its levels.
You also visited: Bailey and Volcano.

You collected 1478 gold pieces.

Inventory:

Hand Weapons
 B - a +0 war axe
 O - a +2 war axe of electrocution (weapon)
 P - a +1 spear of venom
 R - a +5 war axe of protection
Missiles
 b - 3 throwing nets
 z - 21 poisoned darts (quivered)
 C - 11 javelins
Armour
 j - a +0 kite shield (worn)
 l - a scarf of repulsion (worn)
 F - a +0 pair of boots (worn)
 G - a +0 pair of gloves (worn)
 J - +1 ice dragon scales (worn)
Jewellery
 d - an amulet of reflection (around neck)
 I - a +6 ring of strength (left hand)
 K - a ring of positive energy
Wands
 k - a wand of iceblast (22)
 t - a wand of charming (8)
Scrolls
 h - a scroll of fog
 n - 4 scrolls of noise
 o - 2 scrolls of blinking
 q - 7 scrolls of identify
 r - a scroll of teleportation
 u - 2 scrolls of vulnerability
 D - 2 scrolls of immolation {unknown}
 E - 2 scrolls of enchant weapon {unknown}
 H - 2 scrolls of fear {unknown}
 L - 3 scrolls of enchant armour {unknown}
Potions
 c - a potion of might {unknown}
 e - 2 potions of heal wounds
 g - a potion of magic {unknown}
 i - 2 potions of flight {unknown}
 m - 2 potions of resistance
 p - 3 potions of degeneration {unknown}
 v - 2 potions of attraction {unknown}
 x - 2 potions of curing
 A - 2 potions of invisibility {unknown}
 M - a potion of berserk rage {unknown}
 N - a potion of haste {unknown}
 Q - a potion of ambrosia {unknown}


   Skills:
 + Level 11.8 Fighting
 + Level 12.3 Axes
 + Level 11.6 Armour
 + Level 10.6 Dodging
 + Level 7.4 Shields


You had 11 spell levels left.
You didn't know any spells.
Your spell library was empty.

Dungeon Overview and Level Annotations

Branches:
Dungeon (9/15)             Temple (0/1) D:5            Lair (1/5) D:9
 Bailey (visited)         Volcano (1/1)
    Orc: D:9-12

Altars:
Elyvilon
Gozag
Hepliaklqana
Makhleb
Ru
Sif Muna
Yredelemnul
Zin

Shops:
D:5 *   D:8 !


Innate Abilities, Weirdness & Mutations

You have a pair of horns on your head.
You reflexively headbutt those who attack you in melee.


Message History

You furiously retaliate!
You headbutt the fire elemental! The fire elemental closely misses you.
Unknown command.
Your ogre goes berserk!
You block the fire elemental's attack. The fire elemental hits you.
The fire elemental burns you! The fire burns you terribly!
* * * LOW HITPOINT WARNING * * *
The fire elemental barely misses you. You furiously retaliate!
You headbutt the fire elemental. The fire elemental hits you.
The fire elemental burns you! The fire burns you terribly!
* * * LOW HITPOINT WARNING * * *
Your ogre misses the fire elemental. The fire elemental hits you.
The fire elemental burns you! The fire burns you terribly!
* * * LOW HITPOINT WARNING * * *
Things that are here:
a +0 long sword; an elf corpse Unknown command.
Your skin crawls.
You feel strong-willed.
Your ogre misses the fire elemental.
You block the fire elemental's attack. x2
Your ogre closely misses the fire elemental.
Unknown command.
You closely miss the fire elemental.
Your headbutt misses the fire elemental.
The fire elemental is lightly damaged.
You block the fire elemental's attack.
Your ogre hits the fire elemental with a +0 giant club!!
The fire elemental hits your ogre. The fire elemental burns your ogre!
Unknown command.
Unknown command.
You catch the helpless fire elemental completely off-guard!
You slash the fire elemental!
The fire elemental is almost destroyed.
Your ogre barely misses the fire elemental.
You block the fire elemental's attack.
The deep elf pyromancer casts a spell at you.
The bolt of fire hits the fire elemental.
The fire elemental completely resists.
The bolt of fire hits you!!! The fire burns you terribly!
You die...

#°..###≈≈≈≈##
#...###.....###≈§§
#.#e#.#..≈§ #.###
###...#○.§ #..∩#
#.....°°.####..∩#
#e... ####..'.###
#°e.###.....###§§≈
#)###.†...###≈§§≈##
#..○#@).###≈§≈≈###
#e≈°E.###≈≈≈§###
#..O###≈≈§≈###
#.###≈≈≈§###
###≈≈§≈### #§≈≈≈###
≈≈≈### ###


You could see a deep elf pyromancer, a fire elemental (distracted, ally target)
and a friendly ogre (summoned, berserk).

Vanquished Creatures
  A two-headed ogre (D:9)
  3 death yaks (D:9)
  Pikel (D:9)
  5 deep elf pyromancers (Volcano)
  A necromancer (D:9)
  A cane toad (Lair:1)
  Maggie (D:7)
  A komodo dragon (Lair:1)
  4 blink frogs (Lair:1)
  Sigmund (D:2)
  6 spriggans (Bailey)
  Grum (D:9)
  15 yaks
  2 steam dragons
  A fire elemental (Volcano)
  Edmund (D:5)
  2 acid dragons (D:8)
  3 water moccasins
  3 hell hounds (Volcano)
  A sky beast (D:8)
  3 ice beasts
  4 black bears
  6 ogres
  4 centaurs
  3 wolves (D:9)
  A lemure (D:9)
  A phantom (D:3)
  A kobold brigand (D:9)
  Blork the orc (D:4)
  A necrophage (D:5)
  3 scorpions
  2 bullfrogs (D:7)
  7 wights (D:8)
  9 killer bees
  A hound (D:4)
  3 jellies
  A gnoll bouda (D:8)
  6 orc priests
  Crazy Yiuf (D:5)
  2 iguanas
  2 sleepcaps
  3 orc wizards
  5 yak simulacra (D:9)
  3 polar bear simulacra (D:9)
  A hound skeleton (D:5)
  9 adders
  4 gnolls (D:8)
  2 white imps
  An ufetubus (D:4)
  A worm (D:2)
  5 dart slugs
  22 orcs
  8 ball pythons
  5 endoplasms
  3 giant cockroaches
  5 goblins
  7 hobgoblins
  13 jackals
  2 quokkas (D:1)
  6 bats
  6 frilled lizards
  11 kobolds
  2 rats
  3 river rat simulacra (D:9)
243 creatures vanquished.

Vanquished Creatures (collateral kills)
  A two-headed ogre (Bailey)
1 creature vanquished.

Vanquished Creatures (others)
  An adder (D:2)
  7 fungi
  A plant (D:8)
9 creatures vanquished.

Grand Total: 253 creatures vanquished

Notes
Turn   | Place    | Note
-------+----------+-------------------------------------------
     0 | D:1      | LLlMATKO the Minotaur Berserker began the quest for the
                  | Orb.
     0 | D:1      | Reached XP level 1. HP: 19/19 MP: 0/0
   169 | D:1      | Reached XP level 2. HP: 24/27 MP: 1/1
   336 | D:1      | Reached skill level 4 in Axes
   580 | D:2      | Reached ** piety under Trog
   590 | D:2      | Noticed Sigmund
   599 | D:2      | Reached XP level 3. HP: 20/33 MP: 2/2
   600 | D:2      | Killed Sigmund
   601 | D:2      | Reached XP level 4. HP: 25/41 MP: 3/3
   601 | D:2      | Reached XP level 5. HP: 29/47 MP: 4/4
   936 | D:2      | Reached skill level 5 in Axes
  1173 | D:2      | Reached skill level 5 in Fighting
  1366 | D:3      | Found a sacrificial altar of Ru.
  1744 | D:3      | Found a faded altar of an unknown god.
  1773 | D:3      | Noticed a phantom
  1780 | D:3      | Killed a phantom
  1781 | D:3      | Reached XP level 6. HP: 56/56 MP: 5/5
  2502 | D:4      | Noticed Blork the orc
  2508 | D:4      | Reached skill level 5 in Armour
  2513 | D:4      | Reached XP level 7. HP: 62/62 MP: 6/6
  2514 | D:4      | Killed Blork the orc
  2523 | D:4      | Reached skill level 6 in Axes
  2530 | D:4      | Reached *** piety under Trog
  2637 | D:4      | Reached skill level 5 in Dodging
  2731 | D:4      | Found an opulent altar of Gozag.
  2788 | D:4      | Identified the +0 leather armour of the Elephant {Harm
                  | Will+}
  2866 | D:4      | Found a shimmering blue altar of Sif Muna.
  2968 | D:5      | Entered Level 5 of the Dungeon
  2998 | D:5      | Found a staircase to the Ecumenical Temple.
  3150 | D:5      | Noticed Edmund
  3151 | D:5      | Found a burning altar of Makhleb.
  3158 | D:5      | Killed Edmund
  3161 | D:5      | Reached XP level 8. HP: 71/71 MP: 7/7
  3493 | D:5      | Reached skill level 7 in Axes
  3597 | D:5      | Found Piaceo's Overcharged Wands.
  3825 | D:5      | Found a runed translucent door.
  3826 | D:5      | Noticed Crazy Yiuf
  3942 | D:5      | Killed Crazy Yiuf
  4485 | D:7      | Found a flagged portal.
  4491 | D:7      | Reached **** piety under Trog
  4492 | D:7      | Reached skill level 8 in Axes
  4492 | D:7      | Reached XP level 9. HP: 77/81 MP: 8/8
  4500 | Bailey   | Entered a bailey
  4711 | Bailey   | Noticed a two-headed ogre
  4718 | Bailey   | Killed a two-headed ogre
  4719 | Bailey   | Reached skill level 9 in Axes
  4861 | Bailey   | Reached skill level 1 in Shields
  4861 | Bailey   | Reached XP level 10. HP: 82/91 MP: 9/9
  5552 | D:7      | Noticed Maggie
  5566 | D:7      | Killed Maggie
  6089 | D:8      | Found a hazy altar of Hepliaklqana.
  6310 | D:8      | Found Agro Toola's Distillery.
  6327 | D:8      | Reached skill level 10 in Fighting
  6327 | D:8      | Reached skill level 10 in Axes
  6619 | D:8      | Reached skill level 10 in Armour
  7188 | D:9      | Noticed Grum
  7204 | D:9      | Killed Grum
  7204 | D:9      | Reached ***** piety under Trog
  7329 | D:9      | Noticed a necromancer
  7336 | D:9      | Killed a necromancer
  7485 | D:9      | Reached XP level 11. HP: 93/101 MP: 10/10
  7568 | D:9      | Noticed a death yak
  7568 | D:9      | Noticed Pikel
  7569 | D:9      | Noticed a death yak
  7569 | D:9      | Noticed a death yak
  7570 | D:9      | Found a staircase to the Lair.
  7580 | D:9      | Killed a death yak
  7581 | D:9      | Reached skill level 5 in Shields
  7586 | D:9      | Killed a death yak
  7589 | D:9      | Killed a death yak
  7592 | D:9      | Killed Pikel
  7610 | D:9      | Reached skill level 11 in Axes
  7707 | D:9      | Found a glowing silver altar of Zin.
  7707 | D:9      | Found a basalt altar of Yredelemnul.
  7769 | D:9      | Found a white marble altar of Elyvilon.
  7780 | D:9      | Reached skill level 10 in Dodging
  7808 | D:9      | Noticed a two-headed ogre
  7812 | D:9      | Killed a two-headed ogre
  7897 | D:9      | Received a gift from Trog
  8014 | Lair:1   | Entered Level 1 of the Lair of Beasts
  8024 | Lair:1   | Identified 2 scrolls of acquirement
  8024 | Lair:1   | Acquired 1071 gold pieces
  8026 | Lair:1   | Acquired a manual of Axes
  8156 | Lair:1   | Found a dark tunnel.
  8166 | Volcano  | Entered a volcano
  8173 | Volcano  | Noticed a deep elf pyromancer
  8174 | Volcano  | Noticed a deep elf pyromancer
  8174 | Volcano  | Noticed a deep elf pyromancer
  8179 | Volcano  | Noticed a deep elf pyromancer
  8190 | Volcano  | Killed a deep elf pyromancer
  8274 | Volcano  | Killed a deep elf pyromancer
  8275 | Volcano  | Reached skill level 12 in Axes
  8279 | Volcano  | Noticed a deep elf pyromancer
  8284 | Volcano  | Killed a deep elf pyromancer
  8293 | Volcano  | Noticed a deep elf pyromancer
  8299 | Volcano  | Killed a deep elf pyromancer
  8300 | Volcano  | Reached XP level 12. HP: 62/112 MP: 11/11
  8314 | Volcano  | HP: 5/112 [fire elemental (10)]
  8317 | Volcano  | Killed from afar by a deep elf pyromancer

Illustrated notes

Levels and vault maps discovered:
D:1:      ncdulo_lavacross, layout_rooms, dreamdust_mushroom_princess
D:2:      layout_loops_ring, minmay_tromino_i2, uniq_sigmund
D:3:      layout_loops_ring, nicolae_ru_the_path_less_chosen,
          shapermc_ecumenical_altar_pompeii, minmay_misc_feat_roman
D:4:      layout_rooms, old_standard_altar, nicolae_sif_muna_little_library,
          uniq_blork_the_orc
D:5:      layout_gridville, makhleb_blood_cavern_becter,
          minmay_temple_entry_hall, nicolae_shop_overcharged_wands,
          uniq_crazy_yiuf_cottage, uniq_edmund
D:6:      layout_rooms, due_unseen_surprise
D:7:      layout_loops_corners, enter_bailey_2, patterned_corridor, uniq_maggie
D:8:      corexii_shack_village, layout_cave_pools,
          mainiacjoe_overflow_boulevard, serial_shops, nicolae_shop_trees
D:9:      layout_loops_ring, gammafunk_temple_overflow_wave, elyvilon_altar_1,
          dpeg_lair_monsters, eino_house_with_fridge, uniq_pikel, uniq_grum
Lair:1:   layout_cave_pods, lightli_volcano_entry_magma_tube, serial_forest,
          infiniplex_forest_fountain, infiniplex_forest_lined_room_2,
          infiniplex_forest_straight_5, infiniplex_forest_straight_3,
          infiniplex_forest_lined_room_3, infiniplex_forest_straight_2,
          infiniplex_forest_clump_C, infiniplex_forest_end_1,
          infiniplex_forest_split, lemuel_fruit_tree, infiniplex_staircase_pool
Volcano:  hellmonk_pyromancer_palace

Skill      XL: |  1  2  3  4  5  6  7  8  9 10 11 |
---------------+----------------------------------+-----
Fighting       | 4 5 6 7 9 10 11 | 11.8
Axes           | 4 5 6 8 9 10 12 | 12.3
Armour         | 3 4 5 6 7 9 10 11 | 11.6
Dodging        | 3 4 5 6 8 9 10 | 10.6
Shields        | 1 4 7 |  7.4

Action                     |  1- 3 |  4- 6 |  7- 9 | 10-12 || total
---------------------------+-------+-------+-------+-------++-------
  Melee: Hand axe          |    67 |   117 |   189 |    65 ||   438
         Headbutt          |     8 |    15 |    41 |    69 ||   133
         War axe           |       |       |       |   253 ||   253
  Throw: Dart              |       |       |    10 |       ||    10
 Invoke: Berserk           |     1 |     2 |     2 |     5 ||    10
         Trog's Hand       |       |       |     2 |     3 ||     5
         Brothers in Arms  |       |       |     1 |     2 ||     3
    Use: Scroll            |       |       |     7 |     5 ||    12
         Potion            |       |       |       |     1 ||     1
   Stab: Distracted        |       |       |       |     1 ||     1
 Armour: Ring mail         |    24 |    35 |    19 |       ||    78
         Animal skin       |     2 |       |       |       ||     2
         Scale mail        |       |       |    18 |       ||    18
         Ice dragon scales |       |       |       |   105 ||   105
  Dodge: Dodged            |    58 |    47 |    68 |   100 ||   273
         Repelled          |       |     1 |     1 |     1 ||     3
  Block: Other             |     2 |     2 |       |       ||     4
         Kite shield       |       |    71 |   110 |   194 ||   375
         Reflection        |       |     1 |     7 |     9 ||    17
